AoeStats
← [Inkas'A] Q-NEO

Arabia

510680965Analyzed
1v1 RM · 21h ago on Oct 2, 2026· 52m 18s· 2 players
Game mode
Random Map
Map size
Tiny (2 player)
Population
200
Speed
Normal
Resources
Standard
Victory
Conquest
Starting age
Dark Age
Ending age
Imperial Age
RankedLock teamsTeams togetherTeam positionsShared explorationLock speedFull tech treeHidden civsTurbo modeCheats
Victory
Defeat
🇵🇪 Slavs · Peru
1202
+14
🇲🇽 Inca · Mexico
1158
-14
[Inkas'A] Q-NEO
10:30 Feudal Age
10:39 Man-at-Arms
11:21 Double-Bit Axe
12:57 Forging
12:47 Scale Mail Armor
18:02 Fletching
19:51 Padded Archer Armor
19:39 Loom
23:14 Town Watch
26:43 Castle Age
24:57 Gold Mining
25:49 Horse Collar
26:54 Elite Skirmisher
26:57 Crossbowman
28:01 Bodkin Arrow
28:57 Leather Archer Armor
29:07 Squires
34:20 Bloodlines
34:11 Husbandry
35:12 Husbandry
38:19 Imperial Age
36:28 Wheelbarrow
38:57 Cavalier
41:21 Iron Casting
40:52 Scale Barding Armor
43:08 Blast Furnace
43:08 Ring Archer Armor
44:38 Chain Barding Armor
44:34 Hand Cart
46:03 Town Patrol
46:59 Bow Saw
48:48 Elite Boyar
49:49 Conscription
51:49 Chemistry
51:10 Ballistics
HUASTECO
5:34 Loom
10:09 Feudal Age
10:44 Champi Runner
15:28 Double-Bit Axe
16:52 Fletching
18:20 Wheelbarrow
20:40 Padded Archer Armor
22:12 Town Watch
24:05 Horse Collar
27:17 Castle Age
25:29 Gold Mining
26:01 Stone Mining
28:39 Forging
28:29 Scale Mail Armor
27:52 Champi Warrior
27:55 Crossbowman
29:42 Bodkin Arrow
30:54 Heavy Plow
34:27 Ballistics
34:39 Leather Archer Armor
35:26 Iron Casting
40:34 Imperial Age
38:23 Hand Cart
38:51 Thumb Ring
39:27 Andean Sling
40:19 Gold Shaft Mining
40:03 Bow Saw
40:36 Chain Mail Armor
41:06 Stone Shaft Mining
41:17 Pikeman
43:31 Chemistry
43:42 Squires
44:26 Plate Mail Armor
45:27 Bracer
50:11 Halberdier
Connection lost

Rejoining the realm…

Still unreachable

The connection could not be restored.

Session expired

The server has moved on; the page needs a fresh start.